[Event "42nd Olympiad Baku 2016 Open"]
[Site "Baku"]
[Date "2016.09.03"]
[Round "2.33"]
[White "Wynn Zaw Htun"]
[Black "Wong, Brian"]
[Result "1-0"]
[ECO "A05"]
[WhiteElo "2407"]
[BlackElo "2007"]
[Annotator ""]
[PlyCount "109"]
[EventDate "2016.??.??"]
[EventCountry "AZE"]
[SourceTitle "playchess.com"]
[Source "ChessBase"]
[WhiteTeam "Myanmar"]
[BlackTeam "Hong Kong"]
[WhiteTeamCountry "MYA"]
[BlackTeamCountry "HKG"]
[TimeControl "40/5400+30:1800+30"]

1. Nf3 {(00:00)} Nf6 {(00:15)} 2. g3 {(00:00)} d5 {
(01:37)} 3. Bg2 {(00:00)} Bf5 {(00:50)} 4. d3 {(00:
03)} Nbd7 {(00:42)} 5. Nbd2 {(00:47)} e5 {(01:33)} 6. O-O
{(00:32)} Bc5 {(06:44)} 7. Qe1 {(04:55)} O-O {(03:
16)} 8. e4 {(00:23)} dxe4 {(00:31)} 9. dxe4 {(00:04)} Bg6
{(01:00)} 10. Nh4 {(01:14)} Qe7 {(04:36)} 11. Nxg6 {
(02:34)} hxg6 {(03:45)} 12. Qe2 {(01:23)} a6 {(02:
35)} 13. a4 {(02:44)} Ba7 {(04:33)} 14. b3 {(04:54)} Rfd8
{(11:50)} 15. Bb2 {(01:40)} Nc5 {(09:10)} 16. Nc4 {
(01:08)} Ne6 {(01:47)} 17. Bxe5 {(02:51)} Nd4 {(04:
08)} 18. Bxd4 {(01:14)} Bxd4 {(01:01)} 19. Rad1 {(01:16)}
b5 {(00:43)} 20. Na5 {(02:35)} Rd6 {(04:36)} 21. Nb7 {
(16:26)} Rd7 {(00:21)} 22. Bh3 {(00:06)} Rd5 {(00:
23)} 23. Bg2 {(05:32)} c5 {(03:40)} 24. Na5 {(05:06)} Rc8
{(04:33)} 25. axb5 {(04:41)} axb5 {(04:36)} 26. Qxb5 {
(01:30)} Nxe4 {(09:00)} 27. Rde1 {(05:52)} Re5 {(
00:39)} 28. Nc6 {(11:39)} Rxc6 29. Qxc6 {(00:11)} Nxf2 {(
00:57)} 30. Rxe5 {(01:46)} Qxe5 {(00:58)} 31. Qf3 {(00:31]
} Ne4+ {(02:50)} 32. Kh1 {(00:03)} Nf6 {(04:32)} 33. Rd1 {
(01:09)} g5 {(02:11)} 34. g4 {(01:48)} g6 {(00:34)}
35. h3 {(01:56)} Kg7 {(00:51)} 36. Rf1 {(01:01)} Bc3 {
(01:02)} 37. Qd1 {(04:08)} Ba5 {(00:53)} 38. Qa1 {(
01:55)} Bc3 {(00:30)} 39. Qa7 {(03:04)} Bd4 {(03:39)} 40.
Qb7 {(00:00)} Qe2 {(00:00)} 41. b4 {(04:50)} Qxc2 {
(07:57)} 42. Bd5 {(04:43)} Qd3 {(01:23)} 43. Qxf7+ {
(00:18)} Kh6 {(00:30)} 44. Qf8+ {(01:31)} Kh7 {(00:
06)} 45. Bg2 {(00:44)} cxb4 {(04:58)} 46. Qxb4 {(01:47)}
Ng8 {(09:19)} 47. Qb1 {(04:58)} Qg3 {(02:13)} 48. Rf7+ {
(00:29)} Kh6 {(00:34)} 49. Qb7 {(03:11)} Nf6 {(02:
16)} 50. Qb4 {(00:27)} Nxg4 {(04:00)} 51. Qf8+ {(00:16)}
Bg7 {(00:36)} 52. Qxg7+ {(00:05)} Kh5 {(00:11)} 53. hxg4+
{(00:43)} Kxg4 {(00:56)} 54. Qd4+ {(00:05)} Kh5 {(
00:10)} 55. Rh7# {(00:05)} 1-0

[Event "42nd Olympiad Baku 2016 Open"]
[Site "Baku"]
[Date "2016.09.03"]
[Round "2.23"]
[White "Yamada, Kohei"]
[Black "Priyankara, Chamil"]
[Result "1-0"]
[ECO "E97"]
[WhiteElo "2100"]
[BlackElo "2015"]
[Annotator ""]
[PlyCount "81"]
[EventDate "2016.??.??"]
[EventCountry "AZE"]
[SourceTitle "playchess.com"]
[Source "ChessBase"]
[WhiteTeam "Japan"]
[BlackTeam "Sri Lanka"]
[WhiteTeamCountry "JPN"]
[BlackTeamCountry "SRI"]
[TimeControl "40/5400+30:1800+30"]

1. d4 {(00:00)} Nf6 {(00:00)} 2. c4 {(00:00)} g6 {(
00:14)} 3. Nc3 {(00:00)} Bg7 {(00:03)} 4. e4 {(00:05)} d6
{(00:02)} 5. Nf3 {(00:12)} O-O {(00:06)} 6. Be2 {(
00:06)} e5 {(00:03)} 7. O-O {(00:10)} Nc6 {(00:01)} 8. d5
{(00:11)} Ne7 {(00:02)} 9. b4 {(00:29)} Ne8 {(21:
13)} 10. a4 {(03:54)} Kh8 {(12:24)} 11. a5 {(05:18)} a6 {
(02:21)} 12. c5 {(04:47)} f5 {(00:09)} 13. Bg5 {(
08:11)} Nf6 {(03:05)} 14. Nd2 {(06:37)} Nxe4 {(36:44)} 15.
Ndxe4 {(03:29)} fxe4 {(00:02)} 16. Nxe4 {(00:21)} Bf5 {
(01:23)} 17. Bf3 {(03:12)} h6 {(01:58)} 18. Be3 {(
04:41)} g5 {(00:33)} 19. Ng3 {(09:09)} Bg6 {(02:48)} 20.
Rc1 {(10:06)} Qd7 {(04:08)} 21. Qe2 {(06:08)} Nf5 {
(02:54)} 22. Bg4 {(10:21)} Nxg3 {(00:44)} 23. hxg3 {
(00:04)} Bf5 {(05:08)} 24. Bxf5 {(00:29)} Rxf5 {(
00:05)} 25. c6 {(00:15)} bxc6 26. Rxc6 Rb8 {(02:54)} 27. Qc4 {
(01:49)} Rf7 {(01:09)} 28. Rb1 {(03:11)} Qf5 {(00:
58)} 29. Rc1 {(00:12)} e4 {(01:00)} 30. Rxa6 {(01:40)} h5
{(01:09)} 31. Rc6 {(02:50)} h4 {(00:46)} 32. gxh4 {
(05:14)} gxh4 {(00:20)} 33. Rxc7 {(00:17)} Bb2 {(
01:11)} 34. Rxf7 {(03:11)} Qxf7 {(00:24)} 35. Bd4+ {(00:
09)} Bxd4 {(00:39)} 36. Qxd4+ {(00:05)} Qg7 {(00:09)} 37.
Qxg7+ {(01:41)} Kxg7 {(00:02)} 38. Rb1 {(00:16)} Kf6 {
(01:36)} 39. b5 {(00:51)} Ke5 {(00:16)} 40. b6 {(
01:45)} Kxd5 {(00:21)} 41. a6 {(00:18)} 1-0

[Event "42nd Olympiad Baku 2016 Open"]
[Site "Baku"]
[Date "2016.09.03"]
[Round "2.6"]
[White "Yang ching Wei, Austin"]
[Black "Constantinou, Pavlos"]
[Result "0-1"]
[ECO "B36"]
[WhiteElo "1997"]
[BlackElo "2058"]
[Annotator ""]
[PlyCount "108"]
[EventDate "2016.??.??"]
[EventCountry "AZE"]
[SourceTitle "playchess.com"]
[Source "ChessBase"]
[WhiteTeam "TPE"]
[BlackTeam "CYP"]
[BlackTeamCountry "CYP"]
[TimeControl "40/5400+30:1800+30"]

1. e4 c5 2. Nf3 Nc6 3. d4 cxd4 4. Nxd4 g6 5. c4 Nf6 6. Nc3 Nxd4 {(01:53]
} 7. Qxd4 {(01:23)} d6 {(00:03)} 8. Be2 {(03:23)} Bg7 {
(00:12)} 9. Be3 {(00:33)} O-O {(00:08)} 10. Qd2 {(
01:41)} Qa5 {(02:35)} 11. f3 {(02:14)} Be6 {(00:08)} 12.
Nd5 {(10:30)} Qxd2+ {(03:54)} 13. Kxd2 {(01:49)} Bxd5 {
(08:34)} 14. cxd5 {(00:42)} Rfc8 {(01:21)} 15. Rac1 {
(02:17)} a6 {(03:44)} 16. b4 {(11:16)} Nd7 {(04:16]
} 17. a4 {(08:06)} Kf8 {(16:51)} 18. a5 {(07:08)} Bb2 {
(08:46)} 19. Rc2 {(02:05)} Rxc2+ {(01:08)} 20. Kxc2 {
(00:07)} Be5 {(02:36)} 21. Kd3 {(09:10)} Rc8 {(01:
34)} 22. Bd2 {(00:57)} f5 {(08:19)} 23. exf5 {(07:43)}
gxf5 {(01:02)} 24. f4 {(00:26)} Bg7 {(01:58)} 25. g4 {
(05:07)} b6 {(20:19)} 26. axb6 {(01:54)} Nxb6 {(00:
09)} 27. gxf5 {(00:34)} Rc4 {(01:44)} 28. Rc1 {(08:06)}
Rd4+ {(01:33)} 29. Kc2 {(01:02)} Nxd5 {(01:12)} 30. Bxa6 {
(01:41)} Rxb4 {(02:53)} 31. Rb1 {(02:45)} Rxb1 {(
00:23)} 32. Kxb1 {(00:01)} Bh6 {(00:53)} 33. Bc4 {(00:43)}
Nxf4 {(05:50)} 34. Bxf4 {(00:02)} Bxf4 {(00:09)} 35. h3 {
(00:33)} Kg7 {(00:06)} 36. Kc2 {(00:26)} Kf6 {(00:
01)} 37. Be6 {(00:36)} Kg5 {(01:08)} 38. Kd3 {(00:10)} Kh4
{(00:26)} 39. Ke4 {(00:38)} Kg3 {(00:21)} 40. Bc4 {
(00:00)} Bg5 {(00:00)} 41. Bf1 {(22:57)} Kf2 {(02:
51)} 42. Bc4 {(01:40)} Kg2 {(02:15)} 43. Be6 {(00:06)} Bf6
{(00:14)} 44. Kf4 {(00:35)} Kxh3 {(00:08)} 45. Bf7 {
(00:43)} Kh4 {(02:53)} 46. Bg8 {(00:43)} h5 {(03:
32)} 47. Bf7 {(00:04)} Be5+ {(00:12)} 48. Kf3 {(00:09)}
Kg5 {(00:15)} 49. Be6 {(01:00)} Bf4 {(01:38)} 50. Bf7 {
(00:22)} h4 {(02:13)} 51. Be6 {(00:51)} Bg3 {(01:
20)} 52. Bd7 {(00:16)} d5 {(00:23)} 53. Bc6 {(00:04)} d4 {
(00:20)} 54. Be4 {(00:05)} Be5 {(00:26)} 0-1

[Event "42nd Olympiad Baku 2016 Open"]
[Site "Baku"]
[Date "2016.09.03"]
[Round "2.16"]
[White "Yussof, Pg Abd Rahman"]
[Black "Johnson, Joshua"]
[Result "1-0"]
[ECO "B51"]
[WhiteElo "1927"]
[BlackElo "2119"]
[Annotator ""]
[PlyCount "83"]
[EventDate "2016.??.??"]
[EventCountry "AZE"]
[SourceTitle "playchess.com"]
[Source "ChessBase"]
[WhiteTeam "Brunei"]
[BlackTeam "TTO"]
[WhiteTeamCountry "BRN"]
[TimeControl "40/5400+30:1800+30"]

1. e4 {(00:00)} c5 {(00:00)} 2. Nf3 {(00:14)} d6 {(
00:00)} 3. Bb5+ {(00:42)} Nd7 {(00:21)} 4. Bxd7+ {(01:49)}
Bxd7 {(00:13)} 5. c4 {(00:31)} a6 {(02:34)} 6. Nc3 {
(01:03)} b5 {(04:28)} 7. b3 {(04:42)} g6 {(07:59)}
8. Rb1 {(19:45)} Bg7 {(09:19)} 9. Qc2 {(04:19)} Nf6 {
(26:47)} 10. h3 {(03:24)} O-O {(03:43)} 11. d3 {(
04:03)} e6 {(05:05)} 12. O-O {(00:33)} h6 {(05:45)} 13.
Bf4 {(02:04)} b4 {(04:16)} 14. Nd1 {(06:47)} e5 {(
03:15)} 15. Bg3 {(10:09)} Nh5 {(01:05)} 16. Ne3 {(04:10)}
f5 {(02:55)} 17. exf5 {(04:51)} gxf5 {(00:26)} 18. Bh4 {
(00:50)} Bf6 {(00:40)} 19. Bxf6 {(03:46)} Rxf6 {(
01:27)} 20. Nd5 {(05:23)} Rg6 {(02:39)} 21. Kh2 {(03:00)}
Bc6 {(02:46)} 22. g3 {(05:26)} Rg7 {(09:09)} 23. Qd2 {
(06:54)} Kh7 {(03:05)} 24. Nh4 {(03:29)} Bxd5 {(00:
43)} 25. cxd5 {(00:16)} Qd7 {(00:05)} 26. Qe3 {(00:54)}
Rag8 {(03:23)} 27. Rg1 {(00:54)} Nf6 {(00:36)} 28. Qf3 {
(00:36)} Rg5 {(00:04)} 29. Rbe1 {(02:07)} Qf7 {(00:
53)} 30. d4 {(01:06)} cxd4 {(00:42)} 31. Rc1 {(00:31)} e4
{(00:29)} 32. Qf4 {(00:22)} Qxd5 {(00:26)} 33. Rc7+ {
(01:10)} R8g7 {(00:16)} 34. Rxg7+ {(00:03)} Kxg7 {(
00:11)} 35. Rc1 {(00:12)} Nh5 {(01:00)} 36. Rc7+ {(00:10)}
Kf6 {(00:12)} 37. Qd2 {(00:25)} Ng7 {(00:48)} 38. Qxb4 {
(00:26)} d3 {(00:33)} 39. Qb8 {(00:12)} Ke5 {(00:
40)} 40. Re7+ {(00:00)} Ne6 {(00:00)} 41. Qh8+ {(01:29)}
Rg7 {(00:26)} 42. Qxg7# {(00:19] a5} 1-0

[Event "42nd Olympiad Baku 2016 Open"]
[Site "Baku"]
[Date "2016.09.03"]
[Round "2.9"]
[White "Ziska, Helgi Dam"]
[Black "Topalov, Veselin"]
[Result "1/2-1/2"]
[ECO "C84"]
[WhiteElo "2546"]
[BlackElo "2768"]
[Annotator ""]
[PlyCount "94"]
[EventDate "2016.??.??"]
[EventCountry "AZE"]
[SourceTitle "playchess.com"]
[Source "ChessBase"]
[WhiteTeam "Faroe Islands"]
[BlackTeam "Bulgaria"]
[WhiteTeamCountry "FAI"]
[BlackTeamCountry "BUL"]
[TimeControl "40/5400+30:1800+30"]

1. e4 {(00:00)} e5 {(00:00)} 2. Nf3 {(00:24)} Nc6 {
(00:00)} 3. Bb5 {(02:08)} a6 {(00:00)} 4. Ba4 {(00:
10)} Nf6 {(00:00)} 5. O-O {(00:36)} Be7 {(00:24)} 6. d3 {
(00:42)} b5 {(00:12)} 7. Bb3 {(00:07)} O-O {(00:23]
} 8. a4 {(00:42)} b4 {(00:37)} 9. a5 {(01:00)} d6 {
(08:37)} 10. c3 {(00:42)} Rb8 {(05:40)} 11. Nbd2 {(
02:17)} d5 {(05:33)} 12. Ba4 {(18:26)} Bb7 {(04:47)} 13.
Re1 {(14:45)} bxc3 {(11:28)} 14. bxc3 {(00:12)} dxe4 {
(02:49)} 15. dxe4 {(07:13)} Nd7 {(04:34)} 16. Qe2 {
(11:23)} Nc5 {(03:27)} 17. Bc2 {(01:32)} Bc8 {(08:
01)} 18. Ba3 {(06:54)} Ne6 {(03:25)} 19. Qc4 {(08:33)}
Bxa3 {(02:14)} 20. Qxc6 {(05:01)} Bd7 {(07:55)} 21. Qd5 {
(01:20)} Rb5 {(03:59)} 22. Qa2 {(02:42)} Bb2 {(02:
46)} 23. Ba4 {(01:47)} Bxa1 {(03:20)} 24. Bxb5 {(00:39)}
Bxc3 {(02:25)} 25. Bxa6 {(00:10)} Qa8 {(00:32)} 26. Rc1 {
(04:18)} Bxd2 {(05:19)} 27. Qxd2 {(00:07)} Qxa6 {(
00:46)} 28. Qxd7 {(00:08)} Qxa5 {(00:36)} 29. Qd5 {(00:09]
} Qa3 {(01:45)} 30. Rf1 {(03:22)} Rd8 {(00:10)} 31. Qxe5 {
(00:18)} h6 {(00:30)} 32. Qa1 {(03:48)} Qb4 {(00:
32)} 33. Qb1 {(01:12)} c5 {(00:27)} 34. Qxb4 {(01:00)}
cxb4 {(00:11)} 35. Rb1 {(00:37)} b3 {(01:12)} 36. Kf1 {
(01:29)} Rb8 {(00:22)} 37. Ke2 {(01:09)} Nf4+ {(02:
31)} 38. Kd2 {(00:16)} Nxg2 {(00:46)} 39. Kc3 {(01:29)}
Nf4 {(00:51)} 40. Nd4 {(00:00)} b2 {(00:00)} 41. f3 {
(04:50)} Rc8+ {(02:05)} 42. Kd2 {(00:35)} Rc4 {(02:
56)} 43. Nc2 {(00:22)} g6 {(02:00)} 44. Rxb2 {(00:21)} Kg7
{(00:05)} 45. Ra2 {(05:24)} Kf6 {(00:35)} 46. Ke3 {
(00:38)} Ne6 {(02:07)} 47. Kf2 {(00:32)} h5 {(02:
42)} 1/2-1/2

[Event "42nd Olympiad Baku 2016 Women"]
[Site "Baku"]
[Date "2016.09.03"]
[Round "2.29"]
[White "Abarca Gonzalez, Damaris"]
[Black "Milliet, Sophie"]
[Result "0-1"]
[ECO "B26"]
[WhiteElo "2092"]
[BlackElo "2362"]
[Annotator ""]
[PlyCount "68"]
[EventDate "2016.??.??"]
[EventCountry "AZE"]
[SourceTitle "playchess.com"]
[Source "ChessBase"]
[WhiteTeam "Chile"]
[BlackTeam "France"]
[WhiteTeamCountry "CHI"]
[BlackTeamCountry "FRA"]
[TimeControl "40/5400+30:1800+30"]

1. e4 {(00:00)} c5 {(00:00)} 2. Nc3 {(00:00)} d6 {(
00:00)} 3. g3 {(00:00)} Nc6 {(00:00)} 4. Bg2 {(00:03)} g6
{(00:00)} 5. d3 {(00:09)} Bg7 {(00:00)} 6. Be3 {(
00:14)} e5 {(00:06)} 7. Nh3 {(03:28)} Nge7 {(03:59)} 8.
O-O {(00:27)} O-O {(07:24)} 9. Qd2 {(01:56)} Nd4 {(
03:17)} 10. f4 {(01:49)} Rb8 {(01:43)} 11. Nd1 {(02:56)}
exf4 {(36:57)} 12. Nxf4 {(06:39)} b6 {(02:39)} 13. Nc3 {
(12:19)} Bb7 {(00:31)} 14. Ncd5 {(05:25)} Nxd5 {(
01:04)} 15. Nxd5 {(01:08)} Bxd5 {(00:36)} 16. exd5 {(01:
04)} b5 {(09:53)} 17. c3 {(04:29)} Nf5 {(00:06)} 18. Bf2 {
(00:17)} b4 {(02:14)} 19. Be4 {(02:56)} bxc3 {(04:
08)} 20. bxc3 {(00:17)} Qa5 {(07:15)} 21. Bxf5 {(13:44)}
Bxc3 {(00:05)} 22. Qg5 {(00:15)} Bxa1 {(00:43)} 23. Rxa1 {
(03:46)} Qc3 {(00:02)} 24. Re1 {(04:11)} Rb2 {(00:
31)} 25. d4 {(13:37)} Qf3 {(01:06)} 26. Qf4 {(05:11)} Rxf2
{(01:32)} 27. Qxf3 {(00:17)} Rxf3 {(00:01)} 28. Bg4 {
(00:43)} Rd3 {(00:12)} 29. dxc5 {(00:47)} dxc5 {(
00:31)} 30. Rd1 {(00:25)} Rxd1+ {(00:41)} 31. Bxd1 {(00:
02)} Kg7 {(00:20)} 32. Kf2 {(00:32)} Kf6 {(00:05)} 33. Ba4
{(00:57)} Ke5 {(00:08)} 34. Bc6 {(01:05)} Rb8 {(00:
11)} 0-1

[Event "42nd Olympiad Baku 2016 Women"]
[Site "Baku"]
[Date "2016.09.03"]
[Round "2.32"]
[White "Abdi, Zineb Dina"]
[Black "Hernandez Moya, Yuleisy"]
[Result "1-0"]
[ECO "B41"]
[WhiteElo "1953"]
[BlackElo "2264"]
[Annotator ""]
[PlyCount "79"]
[EventDate "2016.??.??"]
[EventCountry "AZE"]
[SourceTitle "playchess.com"]
[Source "ChessBase"]
[WhiteTeam "Algeria"]
[BlackTeam "Cuba"]
[WhiteTeamCountry "ALG"]
[BlackTeamCountry "CUB"]
[TimeControl "40/5400+30:1800+30"]

1. e4 {(00:00)} c5 {(00:00)} 2. Nf3 {(00:04)} e6 {(
00:00)} 3. d4 {(00:20)} cxd4 {(00:00)} 4. Nxd4 {(00:05)}
a6 {(00:00)} 5. c4 {(03:47)} Nf6 {(00:15)} 6. Nc3 {
(01:07)} Qc7 {(00:19)} 7. Be2 {(02:08)} b6 {(01:39]
} 8. Be3 {(05:59)} Bb7 {(00:22)} 9. Qc2 {(08:25)} Bb4 {
(13:26)} 10. f3 {(04:56)} O-O {(00:22)} 11. O-O {(
03:49)} Re8 {(10:51)} 12. Rac1 {(11:27)} Be7 {(10:03)} 13.
Qd2 {(06:51)} d6 {(00:14)} 14. Rfd1 {(03:36)} Nbd7 {
(00:25)} 15. Qe1 {(02:18)} Rac8 {(01:20)} 16. Qf2 {
(02:31)} Qb8 {(06:43)} 17. g4 {(07:32)} Ne5 {(04:
24)} 18. b3 {(08:18)} Bf8 {(28:57)} 19. h4 {(07:13)} Qa8 {
(02:58)} 20. Kg2 {(10:51)} d5 {(06:38)} 21. g5 {(
02:38)} Nfd7 {(00:27)} 22. f4 {(00:52)} Ng6 {(02:19)} 23.
cxd5 {(03:17)} exd5 {(00:58)} 24. Bg4 {(02:50)} Rcd8 {
(02:48)} 25. h5 {(00:53)} Ne7 {(01:46)} 26. e5 {(
00:05)} Nc5 {(00:37)} 27. f5 {(01:01)} Nc6 {(01:03)} 28.
Nxc6 {(00:31)} Bxc6 {(01:30)} 29. Bd4 {(00:06)} Ne4 {
(00:49)} 30. Qh4 {(00:53)} Bc5 {(01:20)} 31. f6 {(
00:34)} Bxd4 {(00:36)} 32. Rxd4 {(00:02)} Rxe5 {(00:09)}
33. g6 {(00:56)} Nxf6 {(00:12)} 34. gxf7+ {(00:28)} Kxf7 {
(00:06)} 35. Rf1 {(00:34)} Rd6 {(01:06)} 36. h6 {(
00:30)} g5 {(00:38)} 37. Qh2 {(00:20)} Qe8 {(00:53)} 38.
Bh5+ {(00:13)} Kg8 {(01:29)} 39. Bxe8 {(00:05)} Ng4 {
(00:15)} 40. Rxg4 1-0

[Event "42nd Olympiad Baku 2016 Women"]
[Site "Baku"]
[Date "2016.09.03"]
[Round "2.6"]
[White "Adhin, Anviti"]
[Black "Faruq, Afifa Ayyun"]
[Result "0-1"]
[ECO "A14"]
[WhiteElo "1616"]
[BlackElo "1667"]
[Annotator ""]
[PlyCount "116"]
[EventDate "2016.??.??"]
[EventCountry "AZE"]
[SourceTitle "playchess.com"]
[Source "ChessBase"]
[WhiteTeam "Surinam"]
[BlackTeam "Indonesia"]
[WhiteTeamCountry "SUR"]
[BlackTeamCountry "INA"]
[TimeControl "40/5400+30:1800+30"]

1. c4 {(00:00)} Nf6 {(00:00)} 2. g3 {(00:00)} e6 {(
00:00)} 3. Bg2 {(00:00)} d5 {(00:37)} 4. Nf3 {(00:10)} Be7
{(00:19)} 5. O-O {(00:04)} dxc4 {(00:46)} 6. Qa4+ {
(03:40)} Nbd7 {(00:47)} 7. Qxc4 {(00:39)} a6 {(01:
15)} 8. d4 {(03:51)} b5 {(09:38)} 9. Qc6 {(08:23)} Rb8 {
(00:36)} 10. Bg5 {(10:33)} Bb7 {(01:00)} 11. Qc2 {(
00:32)} Be4 {(01:00)} 12. Qd1 {(05:38)} O-O {(03:11)} 13.
Nbd2 {(02:52)} Bb7 {(01:25)} 14. Rc1 {(06:11)} c5 {
(11:50)} 15. Bxf6 {(03:23)} gxf6 {(00:18)} 16. dxc5 {
(07:13)} Nxc5 {(00:46)} 17. b4 {(01:58)} Nd7 {(02:
22)} 18. a3 {(01:13)} a5 {(02:05)} 19. Qb3 {(08:02)} axb4
{(05:02)} 20. axb4 {(01:08)} Nb6 {(01:26)} 21. e4 {
(06:43)} Qd6 {(01:39)} 22. Rb1 {(01:01)} Rfd8 {(14:
56)} 23. Rfd1 {(05:22)} Rbc8 {(04:55)} 24. Ne1 {(05:43)}
Qc6 {(04:56)} 25. Qb2 {(05:53)} Na4 {(01:40)} 26. Qb3 {
(09:19)} Qc3 {(02:32)} 27. Nef3 {(01:58)} Qxb3 {(
02:18)} 28. Rxb3 {(00:59)} Bxe4 {(00:38)} 29. Re1 {(01:11]
} Bc2 {(00:32)} 30. Rbe3 {(00:30)} Bxb4 {(00:15)} 31. R3e2
{(00:39)} Bd3 {(04:33)} 32. Re3 {(00:28)} Bc5 {(00:
48)} 33. Rxd3 {(00:22)} Rxd3 {(00:07)} 34. Bf1 {(00:14)}
Rd5 {(00:34)} 35. Bxb5 {(00:51)} Bxf2+ {(00:32)} 36. Kxf2
{(00:00)} Rxb5 {(00:00)} 37. Ne4 {(00:47)} Kg7 {(
00:24)} 38. Kf1 {(00:52)} Rb2 {(01:29)} 39. Ra1 {(00:00)}
Nb6 {(00:00)} 40. Ned2 {(00:00)} Nc4 {(00:00)} 41. Ke2 {
(02:22)} Nxd2 {(02:24)} 42. Nxd2 {(00:20)} Rcc2 {(
00:25)} 43. Rd1 {(00:01)} Kg6 {(00:51)} 44. Ke3 {(00:19)}
Rxd2 {(01:16)} 45. Rxd2 {(00:01)} Rxd2 {(00:07)} 46. Kxd2
{(00:12)} h5 {(00:36)} 47. Ke3 {(00:07)} Kg5 {(00:
38)} 48. h3 {(00:50)} h4 {(00:44)} 49. g4 {(00:05)} f5 {
(00:06)} 50. gxf5 {(01:07)} Kxf5 {(00:05)} 51. Kf3 {
(00:27)} e5 {(00:09)} 52. Ke3 {(00:20)} e4 {(00:10]
} 53. Ke2 {(00:21)} Kf4 {(00:08)} 54. Kf2 {(00:34)} e3+ {
(00:07)} 55. Ke2 {(00:02)} Ke4 {(00:10)} 56. Ke1 {(
00:09)} Kf3 {(00:17)} 57. Kf1 {(00:01)} f5 {(00:30)} 58.
Ke1 {(00:12)} e2 {(00:10)} 0-1

[Event "42nd Olympiad Baku 2016 Women"]
[Site "Baku"]
[Date "2016.09.03"]
[Round "2.16"]
[White "Alavi, Homa"]
[Black "Hng, Mei-En Emmanuelle"]
[Result "1-0"]
[ECO "A46"]
[WhiteElo "1997"]
[BlackElo "1883"]
[Annotator ""]
[PlyCount "61"]
[EventDate "2016.??.??"]
[EventCountry "AZE"]
[SourceTitle "playchess.com"]
[Source "ChessBase"]
[WhiteTeam "Iran"]
[BlackTeam "Singapore"]
[WhiteTeamCountry "IRI"]
[BlackTeamCountry "SIN"]
[TimeControl "40/5400+30:1800+30"]

1. d4 {(00:00)} Nf6 {(00:00)} 2. Nf3 {(00:00)} e6 {
(00:13)} 3. g3 {(00:49)} c5 {(01:44)} 4. Bg2 {(00:
12)} d5 {(02:54)} 5. O-O {(00:24)} Be7 {(00:34)} 6. c4 {
(00:58)} Nc6 {(02:40)} 7. cxd5 {(00:56)} Nxd5 {(02:
28)} 8. dxc5 {(06:34)} O-O {(08:20)} 9. a3 {(05:58)} a5 {
(05:59)} 10. Qc2 {(02:06)} Bd7 {(03:46)} 11. Nc3 {(
05:12)} Nxc3 {(03:00)} 12. Qxc3 {(00:08)} Bf6 {(00:14)}
13. Qc2 {(02:05)} Qc7 {(03:42)} 14. Be3 {(03:52)} a4 {
(11:03)} 15. Rad1 {(05:23)} Ne7 {(09:17)} 16. Bf4 {
(04:14)} Qc8 {(09:18)} 17. Ne5 {(19:25)} Bb5 {(03:
30)} 18. Ng4 {(00:46)} e5 {(02:41)} 19. Nxf6+ {(03:15)}
gxf6 {(00:08)} 20. Bh6 {(00:06)} Re8 {(01:01)} 21. Rd6 {
(04:27)} Ra6 {(04:35)} 22. Rxa6 {(01:29)} Bxa6 {(
00:14)} 23. Qxa4 {(00:35)} Nc6 {(02:31)} 24. Qh4 {(02:20)}
Qe6 {(01:31)} 25. Qh5 {(07:44)} Nd4 {(03:15)} 26. Re1 {
(02:55)} e4 {(06:16)} 27. Bh3 {(06:16)} f5 {(05:46]
} 28. Be3 {(00:55)} Bxe2 {(02:37)} 29. Qg5+ {(00:32)} Qg6
{(00:56)} 30. Qxg6+ {(00:04)} fxg6 {(00:16)} 31. Bxd4 {
(00:06)} 1-0

[Event "42nd Olympiad Baku 2016 Women"]
[Site "Baku"]
[Date "2016.09.03"]
[Round "2.34"]
[White "Aleksandrova, Aleksandra"]
[Black "Shipindo, Rauha"]
[Result "1-0"]
[ECO "C03"]
[WhiteElo "1848"]
[BlackElo "1621"]
[Annotator ""]
[PlyCount "103"]
[EventDate "2016.??.??"]
[EventCountry "AZE"]
[SourceTitle "playchess.com"]
[Source "ChessBase"]
[WhiteTeam "IPCA"]
[BlackTeam "NAM"]
[WhiteTeamCountry "ISR"]
[BlackTeamCountry "NAM"]
[TimeControl "40/5400+30:1800+30"]

1. d4 {(00:00)} d5 {(00:00)} 2. Nd2 {(00:09)} g6 {(
01:08)} 3. e4 {(00:44)} e6 {(01:38)} 4. Ngf3 {(01:05)} Bg7
{(00:36)} 5. c3 {(00:31)} Qe7 {(00:30)} 6. Bd3 {(
02:59)} dxe4 {(02:28)} 7. Nxe4 {(02:02)} Nf6 {(00:50)} 8.
Bg5 {(04:43)} h6 {(02:17)} 9. Bh4 {(03:12)} Nbd7 {(
04:35)} 10. Bg3 {(16:12)} Nxe4 {(04:04)} 11. Bxe4 {(00:03]
} Nf6 {(00:49)} 12. Bd3 {(01:08)} O-O {(07:56)} 13. O-O {
(01:11)} c5 {(01:04)} 14. dxc5 {(11:32)} Qxc5 {(00:
47)} 15. Bc2 {(00:26)} Qb6 {(06:00)} 16. Rb1 {(06:59)} Nh5
{(05:42)} 17. Be5 {(00:37)} Rd8 {(07:24)} 18. Qe2 {
(03:29)} Qa5 {(05:23)} 19. Rfd1 {(11:57)} Bd7 {(13:
28)} 20. Bxg7 {(11:13)} Kxg7 {(01:02)} 21. Qe5+ {(01:17)}
Qxe5 {(00:14)} 22. Nxe5 {(00:01)} Bb5 {(00:50)} 23. c4 {
(01:04)} Be8 {(01:52)} 24. Be4 {(00:42)} Rxd1+ {(
02:36)} 25. Rxd1 {(00:03)} Rb8 {(00:21)} 26. c5 {(02:04)}
f6 {(02:51)} 27. Nc4 {(00:41)} f5 {(01:07)} 28. Bf3 {
(01:05)} Nf6 {(01:11)} 29. Re1 {(07:08)} Rc8 {(11:
21)} 30. b4 {(01:09)} Bc6 {(03:39)} 31. Nd6 {(02:51)} Rc7
{(02:11)} 32. Bxc6 {(00:52)} bxc6 {(00:32)} 33. Rxe6 {
(00:02)} Rd7 {(01:41)} 34. Kf1 {(02:29)} Nd5 {(01:
46)} 35. a3 {(00:25)} h5 {(00:14)} 36. g3 {(01:26)} a6 {
(00:21)} 37. h4 {(01:03)} Nc7 {(00:29)} 38. Re3 {(
01:24)} Kf6 {(00:47)} 39. Rd3 {(01:57)} Nd5 {(02:22)} 40.
Nc4 {(00:00)} Re7 {(00:00)} 41. Ne3 {(03:20)} Ke6 {
(07:15)} 42. Nxd5 {(01:17)} cxd5 {(00:03)} 43. Re3+ {
(00:16)} Kd7 {(00:13)} 44. Rxe7+ {(00:34)} Kxe7 {(
00:05)} 45. Ke2 {(00:12)} Kd7 {(00:06)} 46. Kd3 {(00:12)}
Kc6 {(00:06)} 47. Kd4 {(00:15)} Kb5 {(06:13)} 48. Kxd5 {
(00:12)} Ka4 {(00:10)} 49. Kc4 {(00:11)} Kxa3 {(00:
12)} 50. c6 {(00:06)} Ka4 {(00:30)} 51. c7 {(00:13)} a5 {
(00:06)} 52. c8=Q {(00:37)} 1-0